Map: Ley Lines

Players

Reynor

  • Race: Zerg Zerg
  • Spawn Location: 1:00

Serral - Winner!

  • Race: Zerg Zerg
  • Spawn Location: 7:00

Event: Esports World Cup 2025

VOD

Have the link to the VOD?

Description

Time

  • Played on: July 24, 2025, 8:54 a.m.
  • Length: 17:41

All games in this series

Show
View Real Time Build Order
Export as new Build Order

Reynor Zerg 

Build Orders: Hatch First 

Get SALT Encoding   

  12  0:00  Drone  
  13  0:07  Drone  
  13  0:14  Drone, Extractor  
  15  0:21  Overlord  
  15  0:40  Drone  
  16  0:45  Hatchery  
  16  0:48  Drone  
  16  0:53  Drone  
  16  0:56  Drone  
  18  1:08  Extractor  
  18  1:11  Spawning Pool  
  16  1:14  Drone  
  16  1:17  Drone  
  18  1:26  Drone  
  19  1:37  Drone  
  20  1:48  Drone  
  21  1:57  Queen  
  21  1:58  Drone, Queen  
  21  1:59  Overlord  
  26  2:08  Drone  
  27  2:09  Zergling x2  
  27  2:14  Metabolic Boost  
  28  2:18  Drone  
  28  2:20  Drone  
  30  2:29  Drone  
  31  2:31  Drone  
  31  2:36  Hatchery  
  31  2:40  Drone  
  31  2:42  Zergling x2  
  33  2:48  Baneling Nest  
  33  2:51  Overlord  
  32  2:54  Drone  
  33  3:02  Drone  
  33  3:04  Drone  
  35  3:07  Drone  
  35  3:10  Drone  
  35  3:11  Drone, Queen  
  40  3:13  Zergling x2  
  40  3:16  Zergling x2  
  42  3:20  Overlord  
  42  3:25  Zergling x4  
  44  3:30  Evolution Chamber  
  44  3:31  Overlord  
  43  3:38  Roach Warren  
  43  3:39  Drone  
  44  3:41  Drone  
  44  3:42  Baneling  
  44  3:43  Drone  
  44  3:46  Drone  
  44  3:47  Drone  
  47  3:52  Drone x3  
  50  4:00  Overlord  
  50  4:05  Drone x2  
  50  4:06  Drone  
  50  4:08  Extractor  
  51  4:12  Drone  
  51  4:13  Drone  
  51  4:15  Overlord  
  51  4:16  Drone  
  54  4:21  Roach x2  
  54  4:22  Roach  
  60  4:24  Roach  
  60  4:29  Roach  
  60  4:30  Drone x2  
  66  4:39  Zergling x4, Roach  
  66  4:43  Roach x3  
  66  4:44  Spine Crawler  
  74  4:46  Baneling  
  74  4:48  Overlord  
  74  4:51  Roach x2  
  76  4:54  Baneling  
  76  4:55  Roach  
  76  4:57  Zergling x4  
  76  4:58  Baneling  
  80  5:02  Overlord  
  80  5:03  Zergling x2  
  80  5:07  Overlord  
  81  5:09  Drone x3  
  83  5:18  Drone x3  
  86  5:24  Drone  
  86  5:26  Drone  
  86  5:27  Lair  
  88  5:31  Drone  
  88  5:35  Drone  
  89  5:36  Drone, Extractor  
  89  5:37  Extractor  
  89  5:40  Drone  
  89  5:46  Drone, Zerg Missile Weapons Level 1  
  89  5:47  Drone  
  89  5:49  Extractor  
  90  5:50  Overlord  
  90  5:54  Roach  
  90  5:55  Overlord, Roach  
  93  5:58  Drone, Zergling x2, Spine Crawler  
  93  5:59  Drone x2  
  93  6:00  Roach  
  93  6:02  Drone  
  99  6:04  Overlord  
  99  6:05  Roach  
  99  6:10  Roach  
  99  6:11  Roach  
  104  6:14  Roach  
  104  6:16  Roach  
  108  6:20  Overlord  
  108  6:21  Drone x2  
  108  6:24  Roach  
  110  6:26  Roach  
  110  6:27  Hatchery  
  110  6:28  Roach  
  112  6:36  Roach x4  
  112  6:38  Ravager  
  112  6:39  Baneling x2  
  121  6:41  Roach  
  121  6:42  Roach  
  121  6:44  Roach  
  128  6:48  Spine Crawler, Roach x2  
  128  6:50  Overlord  
  131  6:55  Roach x3  
  131  6:56  Overlord  
  131  6:57  Overlord  
  137  7:05  Glial Reconstitution  
  132  7:11  Roach x6  
  132  7:13  Roach  
  133  7:19  Roach x2  
  133  7:20  Roach  
  133  7:22  Roach  
  131  7:24  Roach  
  121  7:31  Roach x4  
  121  7:32  Roach  
  121  7:36  Roach x2  
  133  7:39  Roach x2  
  137  7:46  Roach x3  
  137  7:49  Queen  
  137  7:51  Roach  
  147  7:53  Roach  
  149  7:58  Ravager  
  149  8:00  Roach x3  
  149  8:02  Zergling x2  
  149  8:04  Overlord  
  149  8:05  Roach  
  159  8:07  Ravager  
  159  8:12  Roach  
  162  8:16  Overlord  
  162  8:21  Baneling x2  
  162  8:23  Overlord  
  162  8:24  Roach  
  162  8:27  Roach x2  
  168  8:30  Ravager x2  
  168  8:33  Queen, Roach  
  169  8:35  Roach  
  169  8:37  Roach  
  171  8:44  Roach  
  171  8:46  Roach  
  171  8:47  Roach  
  152  8:52  Zerg Missile Weapons Level 2, Queen  
  120  8:56  Roach  
  120  9:01  Roach  
  106  9:05  Roach x4  
  106  9:07  Hatchery  
  106  9:09  Drone x2  
  115  9:12  Extractor  
  115  9:15  Drone  
  115  9:18  Spire  
  115  9:21  Roach  
  115  9:22  Roach  
  118  9:25  Roach  
  118  9:29  Ravager  
  118  9:30  Roach  
  123  9:31  Roach  
  123  9:37  Drone, Roach x2  
  130  9:39  Roach  
  130  9:41  Roach x2  
  130  9:42  Roach  
  130  9:43  Roach  
  130  9:45  Roach  
  142  9:50  Roach  
  142  9:51  Roach  
  146  9:56  Roach  
  148  10:01  Roach x2  
  148  10:02  Ravager  
  148  10:04  Roach  
  161  10:07  Roach x5  
  161  10:09  Overlord  
  165  10:25  Overlord  
  165  10:29  Mutalisk x4  
  165  10:33  Drone x6  
  179  10:37  Roach x3  
  179  10:40  Roach  
  179  10:41  Roach  
  189  10:46  Roach x3  
  195  10:51  Roach  
  195  10:52  Roach  
  199  10:57  Ravager  
  200  11:10  Zerg Ground Armor Level 1  
  200  11:16  Spore Crawler  
  199  11:19  Ravager  
  198  11:32  Ravager x3  
  194  11:37  Roach x2  
  194  11:39  Extractor  
  199  11:43  Roach x7  
  193  11:56  Roach x8  
  193  12:00  Roach x3  
  199  12:07  Infestation Pit  
  198  12:12  Roach  
  198  12:14  Burrow  
  200  12:15  Overlord  
  200  12:25  Overseer  
  200  12:27  Spine Crawler  
  200  12:28  Spore Crawler x2  
  200  12:29  Spine Crawler  
  192  12:37  Overseer  
  192  12:41  Hatchery  
  177  12:45  Hive  
  177  12:47  Pneumatized Carapace  
  163  12:52  Roach x12  
  184  12:58  Roach x7  
  184  13:01  Overlord  
  184  13:05  Hydralisk Den  
  183  13:06  Overseer, Overlord  
  183  13:08  Extractor, Roach x29  
  183  13:12  Overseer  
  182  13:14  Drone x2, Overlord  
  184  13:22  Hatchery  
  184  13:26  Drone x3  
  186  13:32  Drone x2  
  180  13:43  Muscular Augments  
  180  13:44  Drone x2, Lurker Den  
  176  13:48  Roach x10  
  176  13:49  Roach  
  186  14:00  Roach x5  
  169  14:04  Roach x14  
  169  14:05  Roach x21  
  169  14:09  Hydralisk  
  167  14:11  Roach x2  
  167  14:12  Tunneling Claws, Roach  
  167  14:14  Roach  
  175  14:30  Roach x5  
  179  14:39  Ravager x2  
  179  14:42  Roach x5  
  187  14:49  Seismic Spines  
  187  14:50  Hydralisk  
  187  14:51  Roach x12  
  189  14:53  Hydralisk  
  191  15:00  Hydralisk x2  
  195  15:08  Overseer  
  195  15:12  Nydus Network  
  195  15:13  Hydralisk x3  
  194  15:19  Hydralisk  
  194  15:20  Hydralisk x2  
  190  15:28  Lurker x3  
  174  15:39  Roach x8  
  171  15:42  Lurker x2  
  171  15:49  Lurker  
  168  15:50  Lurker x2  
  168  16:03  Roach Warren  
  106  16:42  Hatchery  
Show
View Real Time Build Order
Export as new Build Order

Serral Zerg - Winner!

Build Orders: Hatch First, Lurkers 

Get SALT Encoding   

  12  0:00  Drone  
  13  0:07  Drone  
  14  0:15  Extractor  
  14  0:16  Drone  
  15  0:21  Overlord  
  15  0:40  Drone  
  16  0:45  Hatchery  
  16  0:48  Drone  
  16  0:52  Drone  
  16  0:55  Drone  
  18  1:06  Extractor  
  18  1:10  Spawning Pool  
  16  1:13  Drone  
  16  1:17  Drone  
  18  1:26  Drone  
  19  1:37  Drone  
  20  1:48  Drone  
  21  1:57  Queen x2  
  21  1:58  Zergling x2, Overlord  
  26  2:07  Drone  
  27  2:09  Drone  
  27  2:10  Metabolic Boost  
  28  2:20  Drone x2  
  30  2:29  Drone  
  31  2:30  Drone  
  31  2:36  Hatchery  
  31  2:40  Drone  
  31  2:43  Baneling Nest  
  31  2:50  Overlord  
  31  2:53  Drone, Zergling x2  
  33  3:02  Drone  
  33  3:03  Drone  
  35  3:08  Zergling x2  
  35  3:09  Zergling x4  
  38  3:14  Drone x3  
  38  3:18  Overlord  
  41  3:25  Zergling x2, Roach Warren  
  40  3:32  Drone  
  41  3:34  Drone  
  41  3:40  Drone  
  43  3:42  Drone x3  
  43  3:46  Overlord  
  46  3:50  Overlord  
  46  3:54  Baneling x2  
  46  3:55  Zergling x2  
  47  3:58  Zergling x2  
  48  4:09  Roach x6  
  60  4:14  Roach x2  
  64  4:22  Overlord  
  64  4:23  Queen  
  66  4:26  Zergling x8  
  66  4:30  Extractor  
  66  4:31  Evolution Chamber, Extractor  
  68  4:33  Overlord  
  67  4:39  Zergling x6  
  67  4:40  Zergling x2  
  71  4:47  Drone x4  
  71  4:51  Drone x3  
  76  4:53  Drone  
  77  5:00  Drone x3  
  77  5:05  Zerg Ground Armor Level 1  
  80  5:10  Drone  
  80  5:11  Roach  
  80  5:12  Roach  
  84  5:16  Overlord  
  84  5:18  Extractor  
  84  5:20  Drone  
  84  5:21  Drone x2  
  86  5:23  Roach  
  87  5:29  Roach  
  87  5:33  Drone x3  
  88  5:38  Overlord  
  88  5:39  Roach x3  
  94  5:45  Overlord  
  94  5:48  Roach  
  96  5:50  Overlord x2  
  96  5:52  Overlord  
  96  5:57  Evolution Chamber  
  96  5:59  Roach x2  
  96  6:04  Roach x2  
  101  6:11  Roach  
  101  6:12  Roach x3  
  101  6:14  Ravager  
  101  6:18  Zergling x10, Ravager  
  115  6:19  Ravager  
  115  6:20  Ravager  
  115  6:23  Zergling x2  
  119  6:28  Zergling x2  
  119  6:29  Zergling x8  
  123  6:37  Overlord  
  123  6:38  Zergling x4  
  125  6:45  Baneling  
  125  6:46  Baneling x6  
  125  6:47  Baneling x3  
  125  6:48  Zergling x10  
  125  6:49  Baneling  
  125  6:50  Baneling  
  125  6:52  Zergling x4  
  132  6:57  Overlord  
  132  7:00  Zergling x8  
  128  7:09  Zergling x8  
  128  7:12  Zergling x2  
  128  7:14  Zergling x8  
  121  7:20  Zerg Missile Weapons Level 1  
  106  7:23  Zergling x8  
  106  7:27  Zergling x8  
  102  7:36  Lair  
  98  7:38  Roach x3  
  98  7:40  Roach  
  98  7:43  Roach  
  108  7:48  Roach  
  110  7:53  Drone x4  
  110  7:57  Roach x2  
  117  8:04  Roach x4  
  125  8:09  Spine Crawler  
  125  8:10  Spine Crawler  
  125  8:12  Roach x2  
  127  8:15  Roach  
  127  8:16  Ravager  
  127  8:17  Ravager  
  127  8:18  Roach  
  133  8:21  Roach x3  
  133  8:23  Roach  
  141  8:28  Roach x2  
  141  8:33  Roach x3  
  142  8:43  Roach x4  
  142  8:48  Roach x3  
  135  8:50  Roach  
  135  8:53  Roach  
  128  8:58  Glial Reconstitution  
  128  9:01  Overseer  
  123  9:04  Drone x4  
  123  9:06  Ravager  
  123  9:08  Roach x2  
  132  9:13  Drone  
  132  9:14  Extractor, Roach x2  
  136  9:29  Roach x4  
  144  9:32  Hatchery  
  144  9:34  Zerg Missile Weapons Level 2  
  144  9:37  Overlord  
  143  9:39  Overlord  
  143  9:44  Roach  
  143  9:45  Roach x2  
  149  9:50  Overlord  
  149  9:56  Drone, Hydralisk Den  
  149  9:57  Drone x3, Extractor  
  151  10:00  Roach x2  
  151  10:01  Roach  
  151  10:03  Pneumatized Carapace  
  157  10:08  Overlord x2  
  157  10:16  Roach x3  
  163  10:21  Overlord  
  163  10:22  Overlord  
  163  10:27  Hydralisk x2, Grooved Spines  
  167  10:29  Hydralisk  
  167  10:35  Hydralisk x2  
  169  10:41  Hydralisk x2  
  177  10:50  Hydralisk x3  
  177  10:53  Roach  
  177  10:54  Roach x2  
  189  10:59  Roach x2  
  193  11:06  Roach x3  
  193  11:07  Tunneling Claws  
  193  11:08  Spore Crawler  
  198  11:12  Overlord  
  198  11:30  Roach  
  198  11:31  Roach x3  
  195  11:34  Burrow  
  195  11:36  Roach  
  195  11:37  Roach  
  195  11:38  Muscular Augments  
  195  11:39  Spore Crawler  
  198  11:43  Roach x2  
  198  11:46  Overlord  
  198  11:47  Overlord  
  198  11:53  Zerg Ground Armor Level 2  
  190  11:57  Roach x5  
  190  12:04  Overlord  
  190  12:06  Roach x2  
  190  12:08  Drone x3  
  197  12:12  Drone  
  198  12:18  Roach  
  200  12:29  Infestation Pit  
  199  12:30  Overseer  
  199  12:41  Roach  
  199  12:42  Roach x2  
  193  12:46  Drone x3, Spore Crawler  
  174  12:52  Roach x12  
  174  12:56  Roach x19  
  194  13:04  Extractor  
  194  13:05  Overlord x2, Extractor  
  192  13:06  Hive  
  192  13:08  Lurker Den  
  191  13:17  Drone  
  192  13:20  Roach  
  192  13:21  Roach x5  
  194  13:27  Drone x5  
  194  13:28  Drone  
  194  13:29  Roach x2  
  194  13:30  Roach  
  194  13:50  Roach x6  
  194  13:59  Roach x8  
  196  14:03  Roach x32  
  196  14:04  Roach x2  
  196  14:05  Roach x3  
  198  14:10  Hatchery  
  197  14:18  Overseer  
  197  14:20  Seismic Spines, Zerg Missile Weapons Level 3  
  197  14:26  Roach  
  199  14:33  Roach x23  
  199  14:36  Hydralisk x6  
  199  14:37  Roach x18  
  191  14:49  Lurker x7, Hydralisk  
  200  14:56  Overlord  
  200  14:59  Overlord  
  200  15:03  Overlord  
  200  15:17  Adaptive Talons  
  200  15:18  Hydralisk x2  
  194  15:25  Hydralisk x7  
  200  15:36  Roach x14  
  200  15:37  Overseer  
  200  15:46  Hydralisk x2  
  200  15:48  Hydralisk x2  
  200  15:53  Roach x4  
  196  15:57  Hydralisk  
  196  15:58  Hydralisk x2  
  193  16:08  Lurker x3, Hydralisk  
  193  16:09  Hydralisk x2  
  193  16:10  Overseer x3  
  189  16:17  Hatchery  
  180  16:24  Hydralisk  
  174  16:32  Hydralisk  
  159  16:35  Lurker x3, Overseer x3  
  151  16:47  Drone  
  151  16:52  Hydralisk  
  151  16:53  Overseer x3  
  147  17:03  Extractor  
  147  17:04  Hydralisk  
  147  17:05  Extractor  
  144  17:15  Hydralisk  
Tags
 
Add a new tag
Caveats
  • Supply blocks, unpowered buildings, or Contaminate may cause inaccurate times.
  • Supply counts are checked every 10 seconds.